| TOP OF THE 1ST |
|
Texas (APP) Rangers batting - Pitching for Bluefield Blue Jays : RHP Shalom Diender
|
|
Pitching: RHP Shalom Diender
|
|
|
Batting: SHB Tim Rogers
|
0-0: Ball 1-0: Called Strike 1-1: Ball 2-1: DOUBLE (Line Drive, 89D, EV 98.8 MPH)
|
|
Batting: RHB Ryan Salas
|
0-0: Ball 1-0: Called Strike 1-1: Foul Ball, location: 2F 1-2: DOUBLE (Line Drive, 3D, EV 94.4 MPH) Tim Rogers scores
|
|
Batting: RHB Jerry Foster
|
0-0: Called Strike 0-1: Ground out 5-3 (Groundball, 56, EV 81.9 MPH)
|
|
Batting: LHB Alex Rivera
|
0-0: Ball 1-0: Ball 2-0: Ball 3-0: Base on Balls
|
|
Batting: RHB Evan Fry
|
0-0: 3-RUN HOME RUN (Flyball, 7LD, EV 95.6 MPH), Distance : 349 ft
|
|
Batting: RHB Robert Topete
|
0-0: SINGLE (Groundball, 6D, EV 105.0 MPH)
|
|
Batting: RHB Josh Shoemaker
|
0-0: Ball Robert Topete steals 2nd base 1-0: Foul Ball, location: 2F 1-1: Foul Ball, location: 2F 1-2: Strikes out looking
|
|
Batting: LHB Bobby Scott
|
0-0: Ground out U3 (Groundball, 34, EV 92.5 MPH)
|
| Top of the 1st over - 4 runs, 4 hits, 0 errors, 1 left on base; Texas (APP) 4 - Bluefield 0 |
| BOTTOM OF THE 1ST |
|
Bluefield Blue Jays batting - Pitching for Texas (APP) Rangers : RHP Torsten Fisher
|
|
Pitching: RHP Torsten Fisher
|
|
|
Batting: SHB Steve Ramsey
|
0-0: Called Strike 0-1: Ground out 6-3 (Groundball, 6M, EV 101.9 MPH)
|
|
Batting: SHB Toby Patenaude
|
0-0: Called Strike 0-1: Foul Ball, location: 2F 0-2: Strikes out swinging
|
|
Batting: RHB Brandon Williams
|
0-0: Ball 1-0: Ball 2-0: Ball 3-0: Base on Balls
|
|
Batting: RHB Lao-che Zhu
|
0-0: Ball 1-0: Called Strike 1-1: SINGLE (Groundball, P, EV 88.8 MPH) (infield hit) Brandon Williams to second
|
|
Batting: RHB Cedric Nicholls
|
0-0: Fielders Choice at 2nd, 6-4 (Groundball, 6, EV 105.6 MPH)
|
| Bottom of the 1st over - 0 runs, 1 hit, 0 errors, 2 left on base; Texas (APP) 4 - Bluefield 0 |
| TOP OF THE 2ND |
|
Texas (APP) Rangers batting - Pitching for Bluefield Blue Jays : RHP Shalom Diender
|
|
Batting: RHB Pat Martin
|
0-0: Ball 1-0: Called Strike 1-1: Swinging Strike 1-2: Ball 2-2: Ball 3-2: Base on Balls
|
|
Batting: SHB Tim Rogers
|
0-0: Ball 1-0: Called Strike Pat Martin steals 2nd base 1-1: Ball 2-1: Swinging Strike 2-2: Strikes out swinging
|
|
Batting: RHB Ryan Salas
|
0-0: Ball 1-0: Ball 2-0: Ball 3-0: Base on Balls
|
|
Batting: RHB Jerry Foster
|
0-0: Ball 1-0: Ball 2-0: Called Strike 2-1: Foul Ball, location: 2F 2-2: Ball 3-2: Base on Balls Pat Martin to third Ryan Salas to second
|
|
Batting: LHB Alex Rivera
|
0-0: Ball 1-0: Called Strike 1-1: Called Strike 1-2: Ball 2-2: Strikes out swinging
|
|
Batting: RHB Evan Fry
|
0-0: Ball 1-0: Fielders Choice at 2nd, 5-4 (Groundball, 56, EV 82.5 MPH)
|
| Top of the 2nd over - 0 runs, 0 hits, 0 errors, 3 left on base; Texas (APP) 4 - Bluefield 0 |
| BOTTOM OF THE 2ND |
|
Bluefield Blue Jays batting - Pitching for Texas (APP) Rangers : RHP Torsten Fisher
|
|
Batting: RHB Tom Bergman
|
0-0: Called Strike 0-1: Foul Ball, location: 2F 0-2: Ball 1-2: Ball 2-2: Strikes out swinging
|
|
Batting: RHB Benedikt Fleischmann
|
0-0: Called Strike 0-1: Called Strike 0-2: Ball 1-2: Ball 2-2: Strikes out swinging
|
|
Batting: SHB Miguel Sano Jr.
|
0-0: Ball 1-0: Ground out 4-3 (Groundball, 4, EV 86.2 MPH)
|
| Bottom of the 2nd over - 0 runs, 0 hits, 0 errors, 0 left on base; Texas (APP) 4 - Bluefield 0 |
| TOP OF THE 3RD |
|
Texas (APP) Rangers batting - Pitching for Bluefield Blue Jays : RHP Shalom Diender
|
|
Batting: RHB Robert Topete
|
0-0: Called Strike 0-1: Called Strike 0-2: SOLO HOME RUN (Flyball, 78XD, EV 112.5 MPH), Distance : 410 ft
|
|
Batting: RHB Josh Shoemaker
|
0-0: Swinging Strike 0-1: Swinging Strike 0-2: Strikes out swinging
|
|
Batting: LHB Bobby Scott
|
0-0: Ball 1-0: Ball 2-0: Ground out 6-3 (Groundball, 6, EV 96.9 MPH)
|
|
Batting: RHB Pat Martin
|
0-0: Foul Ball, location: 2F 0-1: Ball 1-1: Fly out, F8 (Flyball, 8RM, EV 86.9 MPH)
|
| Top of the 3rd over - 1 run, 1 hit, 0 errors, 0 left on base; Texas (APP) 5 - Bluefield 0 |
| BOTTOM OF THE 3RD |
|
Bluefield Blue Jays batting - Pitching for Texas (APP) Rangers : RHP Torsten Fisher
|
|
Batting: RHB Lewis O'Connell
|
0-0: Foul Ball, location: 2F 0-1: Swinging Strike 0-2: Strikes out swinging
|
|
Batting: SHB Steve Ramsey
|
0-0: Called Strike 0-1: Ball 1-1: Foul Ball, location: 2F 1-2: Ball 2-2: Foul Ball, location: 2F 2-2: Strikes out swinging
|
|
DELAY
|
Rain delay of 16 minutes in the 3rd inning.
|
|
Batting: SHB Toby Patenaude
|
0-0: Called Strike 0-1: Foul Ball, location: 2F 0-2: Foul Ball, location: 2F 0-2: Ball 1-2: Foul Ball, location: 2F 1-2: Strikes out swinging
|
| Bottom of the 3rd over - 0 runs, 0 hits, 0 errors, 0 left on base; Texas (APP) 5 - Bluefield 0 |
| TOP OF THE 4TH |
|
Texas (APP) Rangers batting - Pitching for Bluefield Blue Jays : RHP Shalom Diender
|
|
Batting: SHB Tim Rogers
|
0-0: Ball 1-0: Foul Ball, location: 2F 1-1: Ground out 6-3 (Groundball, 6, EV 83.8 MPH)
|
|
Batting: RHB Ryan Salas
|
0-0: Ball 1-0: Fly out, F9 (Flyball, 9D, EV 94.4 MPH)
|
|
Batting: RHB Jerry Foster
|
0-0: Ball 1-0: Called Strike 1-1: Swinging Strike 1-2: Foul Ball, location: 2F 1-2: Strikes out swinging
|
| Top of the 4th over - 0 runs, 0 hits, 0 errors, 0 left on base; Texas (APP) 5 - Bluefield 0 |
| BOTTOM OF THE 4TH |
|
Bluefield Blue Jays batting - Pitching for Texas (APP) Rangers : RHP Torsten Fisher
|
|
Batting: RHB Brandon Williams
|
0-0: Fly out, F6 (Popup, 6, EV 70.0 MPH)
|
|
Batting: RHB Lao-che Zhu
|
0-0: Called Strike 0-1: Ball 1-1: Ground out 4-3 (Groundball, 34, EV 83.8 MPH)
|
|
Batting: RHB Cedric Nicholls
|
0-0: Called Strike 0-1: Ball 1-1: Foul Ball, location: 2F 1-2: Ball 2-2: Ball 3-2: Strikes out swinging
|
| Bottom of the 4th over - 0 runs, 0 hits, 0 errors, 0 left on base; Texas (APP) 5 - Bluefield 0 |
| TOP OF THE 5TH |
|
Texas (APP) Rangers batting - Pitching for Bluefield Blue Jays : RHP Shalom Diender
|
|
Batting: LHB Alex Rivera
|
0-0: Called Strike 0-1: Foul Ball, location: 2F 0-2: Ball 1-2: Ball 2-2: Ball 3-2: Base on Balls
|
|
Pitching: RHP Nick Ford
|
|
|
Batting: RHB Evan Fry
|
0-0: Ball 1-0: Foul Ball, location: 2F 1-1: Hit by Pitch Alex Rivera to second
|
|
Batting: RHB Robert Topete
|
0-0: Hit by Pitch Alex Rivera to third Evan Fry to second
|
|
Batting: RHB Josh Shoemaker
|
0-0: Ball 1-0: Foul Ball, location: 2F 1-1: Grounds into fielders choice 1-2 (Groundball, 13S, EV 71.2 MPH) Evan Fry to third Robert Topete to second
|
|
Batting: LHB Bobby Scott
|
0-0: Ball 1-0: Fly out, F7 (Flyball, 7LS, EV 81.2 MPH)
|
|
Batting: RHB Pat Martin
|
0-0: Ball 1-0: SINGLE (Groundball, 6MS, EV 66.9 MPH) (infield hit) Evan Fry scores Robert Topete to third Josh Shoemaker to second
|
|
Batting: SHB Tim Rogers
|
0-0: TRIPLE (Flyball, 8LXD, EV 100.0 MPH) Robert Topete scores Josh Shoemaker scores Pat Martin scores
|
|
Batting: RHB Ryan Salas
|
0-0: Called Strike 0-1: Ball 1-1: Foul Ball, location: 2F 1-2: Ball 2-2: Fly out, F9 (Flyball, 9S, EV 82.5 MPH)
|
| Top of the 5th over - 4 runs, 2 hits, 0 errors, 1 left on base; Texas (APP) 9 - Bluefield 0 |
| BOTTOM OF THE 5TH |
|
Bluefield Blue Jays batting - Pitching for Texas (APP) Rangers : RHP Torsten Fisher
|
|
Batting: RHB Tom Bergman
|
0-0: Ball 1-0: Ball 2-0: Called Strike 2-1: Fly out, F8 (Line Drive, 8RD, EV 96.9 MPH)
|
|
Batting: RHB Benedikt Fleischmann
|
0-0: Called Strike 0-1: Foul Ball, location: 2F 0-2: Strikes out swinging
|
|
Batting: SHB Miguel Sano Jr.
|
0-0: Called Strike 0-1: Ball 1-1: Ball 2-1: Foul Ball, location: 2F 2-2: Ball 3-2: Foul Ball, location: 2F 3-2: Strikes out swinging
|
| Bottom of the 5th over - 0 runs, 0 hits, 0 errors, 0 left on base; Texas (APP) 9 - Bluefield 0 |
| TOP OF THE 6TH |
|
Texas (APP) Rangers batting - Pitching for Bluefield Blue Jays : RHP Nick Ford
|
|
Batting: RHB Jerry Foster
|
0-0: Ball 1-0: Ball 2-0: Ball 3-0: Called Strike 3-1: Base on Balls
|
|
Batting: LHB Alex Rivera
|
0-0: Called Strike 0-1: Ball Wild Pitch! Jerry Foster to second 1-1: Ball 2-1: SINGLE (Line Drive, 7S, EV 104.4 MPH) Jerry Foster to third Runner from 3rd tries for Home, SAFE, throw by LF to home
|
|
Batting: RHB Evan Fry
|
0-0: Ball 1-0: Called Strike 1-1: Fly out, F8 (Flyball, 8RD, EV 97.5 MPH)
|
|
Batting: RHB Robert Topete
|
0-0: Swinging Strike 0-1: Swinging Strike 0-2: Foul Ball, location: 2F 0-2: Strikes out looking
|
|
Batting: RHB Josh Shoemaker
|
0-0: Called Strike 0-1: Ball 1-1: Ball 2-1: Fly out, F7 (Flyball, 78D, EV 108.1 MPH)
|
| Top of the 6th over - 1 run, 1 hit, 0 errors, 1 left on base; Texas (APP) 10 - Bluefield 0 |
| BOTTOM OF THE 6TH |
|
Bluefield Blue Jays batting - Pitching for Texas (APP) Rangers : RHP Torsten Fisher
|
|
Batting: RHB Lewis O'Connell
|
0-0: Called Strike 0-1: Foul Ball, location: 2F 0-2: Ball 1-2: Ball 2-2: Strikes out looking
|
|
Batting: SHB Steve Ramsey
|
0-0: Ball 1-0: Foul Ball, location: 2F 1-1: Ball 2-1: Called Strike 2-2: Foul Ball, location: 2F 2-2: Strikes out looking
|
|
Batting: SHB Toby Patenaude
|
0-0: Called Strike 0-1: Ball 1-1: Called Strike 1-2: Fly out, F8 (Line Drive, 8RM, EV 90.6 MPH)
|
| Bottom of the 6th over - 0 runs, 0 hits, 0 errors, 0 left on base; Texas (APP) 10 - Bluefield 0 |
| TOP OF THE 7TH |
|
Texas (APP) Rangers batting - Pitching for Bluefield Blue Jays : RHP Nick Ford
|
|
Batting: LHB Bobby Scott
|
0-0: Foul Ball, location: 2F 0-1: Swinging Strike 0-2: Ball 1-2: Ball 2-2: Strikes out looking
|
|
Batting: RHB Pat Martin
|
0-0: Ball 1-0: Called Strike 1-1: Foul Ball, location: 2F 1-2: Strikes out looking
|
|
Batting: SHB Tim Rogers
|
0-0: Foul Ball, location: 2F 0-1: Foul Ball, location: 2F 0-2: Strikes out swinging
|
| Top of the 7th over - 0 runs, 0 hits, 0 errors, 0 left on base; Texas (APP) 10 - Bluefield 0 |
| BOTTOM OF THE 7TH |
|
Bluefield Blue Jays batting - Pitching for Texas (APP) Rangers : RHP Torsten Fisher
|
|
Now at 2B: Tyler Romo
|
|
|
Batting: RHB Brandon Williams
|
0-0: Ball 1-0: Foul Ball, location: 2F 1-1: Foul Ball, location: 2F 1-2: Foul Ball, location: 2F 1-2: Ball 2-2: Foul Ball, location: 2F 2-2: Foul Ball, location: 2F 2-2: SINGLE (Flyball, 78M, EV 87.5 MPH)
|
|
Batting: RHB Lao-che Zhu
|
0-0: Ball 1-0: Ball Brandon Williams steals 2nd base (no throw) 2-0: Ground out 6-3 (Groundball, 6, EV 105.0 MPH)
|
|
Batting: RHB Cedric Nicholls
|
0-0: Foul Ball, location: 2F 0-1: Foul Ball, location: 2F 0-2: Strikes out swinging
|
|
Batting: RHB Tom Bergman
|
0-0: Called Strike 0-1: Ground out 5-3 (Groundball, 56S, EV 82.5 MPH)
|
| Bottom of the 7th over - 0 runs, 1 hit, 0 errors, 1 left on base; Texas (APP) 10 - Bluefield 0 |
| TOP OF THE 8TH |
|
Texas (APP) Rangers batting - Pitching for Bluefield Blue Jays : RHP Nick Ford
|
|
Batting: RHB Ryan Salas
|
0-0: Foul Ball, location: 2F 0-1: Ball 1-1: Fly out, F9 (Flyball, 9LM, EV 90.6 MPH)
|
|
Pitching: RHP Philip Sonnichsen
|
|
|
Batting: RHB Jerry Foster
|
0-0: SINGLE (Line Drive, 9S, EV 91.9 MPH)
|
|
Batting: LHB Alex Rivera
|
0-0: Called Strike 0-1: Foul Ball, location: 2F 0-2: SINGLE (Line Drive, 78S, EV 103.1 MPH) Jerry Foster to second
|
|
Batting: RHB Evan Fry
|
0-0: Called Strike 0-1: Foul Ball, location: 2F 0-2: Ball Wild Pitch! Jerry Foster to third Alex Rivera to second 1-2: Ball 2-2: Ground out U3 (Groundball, 3, EV 100.0 MPH)
|
|
Batting: RHB Robert Topete
|
0-0: Ball 1-0: Reaches on Catchers interference
|
|
Batting: RHB Josh Shoemaker
|
0-0: Called Strike 0-1: Swinging Strike 0-2: Reached on error, E9 (Flyball, 9D, EV 90.0 MPH) Jerry Foster scores Alex Rivera scores Robert Topete to third
|
|
Batting: LHB Bobby Scott
|
0-0: Ball 1-0: Called Strike 1-1: Ball 2-1: Called Strike 2-2: Ball 3-2: Strikes out looking
|
| Top of the 8th over - 2 runs, 2 hits, 2 errors, 2 left on base; Texas (APP) 12 - Bluefield 0 |
| BOTTOM OF THE 8TH |
|
Bluefield Blue Jays batting - Pitching for Texas (APP) Rangers : RHP Torsten Fisher
|
|
Batting: RHB Benedikt Fleischmann
|
0-0: Called Strike 0-1: Called Strike 0-2: Ball 1-2: Ball 2-2: Ball 3-2: Strikes out looking
|
|
Pitching: RHP Brad Sanchez
|
|
|
Batting: SHB Miguel Sano Jr.
|
0-0: Ball 1-0: Swinging Strike 1-1: Ball 2-1: Ball 3-1: Foul Ball, location: 2F 3-2: Strikes out swinging
|
|
Batting: RHB Lewis O'Connell
|
0-0: Called Strike 0-1: Called Strike 0-2: Foul Ball, location: 2F 0-2: Ball 1-2: Ball 2-2: Strikes out swinging
|
| Bottom of the 8th over - 0 runs, 0 hits, 0 errors, 0 left on base; Texas (APP) 12 - Bluefield 0 |
| TOP OF THE 9TH |
|
Texas (APP) Rangers batting - Pitching for Bluefield Blue Jays : RHP Philip Sonnichsen
|
|
Batting: SHB Tyler Romo
|
0-0: Ball 1-0: Called Strike 1-1: Ball 2-1: Foul Ball, location: 2F 2-2: Strikes out swinging
|
|
Batting: SHB Tim Rogers
|
0-0: SINGLE (Line Drive, 7S, EV 95.0 MPH)
|
|
Batting: RHB Ryan Salas
|
0-0: Ball 1-0: Foul Ball, location: 2F 1-1: Ball 2-1: Called Strike 2-2: Foul Ball, location: 2F 2-2: 2-RUN HOME RUN (Flyball, 7D, EV 93.8 MPH), Distance : 378 ft
|
|
Batting: RHB Jerry Foster
|
0-0: Swinging Strike 0-1: Swinging Strike 0-2: Ball 1-2: Foul Ball, location: 2F 1-2: Foul Ball, location: 2F 1-2: Strikes out swinging
|
|
Batting: LHB Alex Rivera
|
0-0: Ball 1-0: Foul Ball, location: 2F 1-1: Foul Ball, location: 2F 1-2: Ball 2-2: Ball 3-2: Fly out, F4 (Popup, 4, EV 69.4 MPH)
|
| Top of the 9th over - 2 runs, 2 hits, 0 errors, 0 left on base; Texas (APP) 14 - Bluefield 0 |
| BOTTOM OF THE 9TH |
|
Bluefield Blue Jays batting - Pitching for Texas (APP) Rangers : RHP Brad Sanchez
|
|
Batting: SHB Steve Ramsey
|
0-0: Hit by Pitch
|
|
Batting: SHB Toby Patenaude
|
0-0: Ball 1-0: Ball 2-0: Foul Ball, location: 2F 2-1: Ball 3-1: Base on Balls Steve Ramsey to second
|
|
Batting: RHB Brandon Williams
|
0-0: Foul Ball, location: 2F 0-1: Ball 1-1: Swinging Strike 1-2: Ball 2-2: Grounds into double play, 6-4-3 (Groundball, 6, EV 79.4 MPH) Steve Ramsey to third
|
|
Pinch Hitting: LHB Jessie Stewart
|
0-0: Ball 1-0: Ball 2-0: Called Strike 2-1: Ball 3-1: Swinging Strike 3-2: Ground out 6-3 (Groundball, 56, EV 86.2 MPH)
|
| Bottom of the 9th over - 0 runs, 0 hits, 0 errors, 1 left on base; Texas (APP) 14 - Bluefield 0 |
|